 Dungeon Crawl Stone Soup version 0.17-a0-1909-g0b14330 (webtiles) character file.

109 Japsu the Chiller (level 4, -8/33 HPs)
             Began as a Draconian Ice Elementalist on Sept 25, 2015.
             Mangled by a gnoll
             ... wielding a +1 whip of venom
              (10 damage)
             ... on level 2 of the Dungeon.
             The game lasted 00:23:26 (1725 turns).

Japsu the Chiller (Draconian Ice Elementalist)      Turns: 1725, Time: 00:23:26

Health: -8/33      AC:  6    Str: 11    XL:     4   Next: 59%
Magic:  1/8        EV: 12    Int: 16    God:
Gold:   80         SH:  0    Dex: 11    Spells: 3 memorised, 2 levels left

rFire  . . .     SeeInvis +     c - +0 dagger
rCold  . . .     Clarity  .     (armour unavailable)
rNeg   . . .     SustAt   .     (no shield)
rPois  .         Gourm    .     (helmet restricted)
rElec  .         Spirit   .     h - +0 cloak
rCorr  .         Warding  .     (no gloves)
rMut   .         Stasis   .     (no boots)
MR     .....                    (no amulet)
Stlth  ++........               j - ring of wizardry
                                e - ring of see invisible

@: lethally poisoned (-8 -> -18), not resistant to hostile enchantments,
unstealthy
A: unfitting armour, cold-blooded, AC +5
a: no special abilities


You were on level 2 of the Dungeon.
You were not hungry.

You visited 1 branch of the dungeon, and saw 2 of its levels.

You collected 80 gold pieces.

Inventory:

Hand weapons
 c - a +0 dagger (weapon)
Missiles
 g - 3 curare-tipped needles
 i - 9 tomahawks (quivered)
Armour
 f - a +0 helmet
 h - a +0 cloak (worn)
Jewellery
 e - a ring of see invisible (left hand)
 j - a ring of wizardry (right hand)
Scrolls
 k - a scroll of amnesia
Books
 a - a book of Frost

   Spells                             Type                      Level
   a - Freeze                         Ice                          1
   b - Throw Frost                    Conjuration/Ice              2
   c - Ozocubu's Armour               Charms/Ice                   3
   d - Throw Icicle                   Conjuration/Ice              4
   e - Summon Ice Beast               Ice/Summoning                4
   f - Condensation Shield            Ice                          4
Comestibles
 b - 2 bread rations
 d - 3 meat rations


   Skills:
 * Level 2.2 Dodging
 * Level 2.1 Stealth
 * Level 2.8 Spellcasting
 + Level 1.2 Conjurations
 * Level 4.3 Ice Magic


You had 2 spell levels left.
You knew the following spells:

 Your Spells              Type           Power        Failure   Level  Hunger
a - Freeze                Ice            ###.         1%          1    #......
b - Throw Frost           Conj/Ice       ##....       4%          2    ##.....
c - Ozocubu's Armour      Chrm/Ice       #.......     12%         3    ###....


Dungeon Overview and Level Annotations

Branches:
Dungeon (2/15)

Altars:


Innate Abilities, Weirdness & Mutations

Your plain brown scales are hard (AC +5).
Your body does not fit into most forms of armour.
You are cold-blooded and may be slowed by cold attacks.


Message History

You aren't carrying any potions.
Casting: Freeze
Confirm with . or Enter, or press ? or * to list all spells.
Aiming: Freeze
Press: ? - help, Shift-Dir - straight line, f - gnoll
Aim: a gnoll, wielding a whip of venom and wearing a robe You freeze the gnoll.
The gnoll is heavily wounded.
* * * LOW HITPOINT WARNING * * *
You feel sick.
The gnoll drinks a potion.
The gnoll is healed!
Sorry, you're not good enough to have a special ability.
* * * LOW HITPOINT WARNING * * *
You feel sick.
The gnoll hits you with a whip of venom.
* * * LOW HITPOINT WARNING * * *
You are more poisoned.
* * * LOW HITPOINT WARNING * * *
You feel sick.
The gnoll hits you with a whip of venom!
You die...

#######..##≈≈≈≈≈≈##.............#
# #..≈≈#≈≈≈#≈≈#............##
##[#≈≈≈≈≈≈≈≈#..###########
#.##≈#≈≈#≈≈#..# ##..#≈≈≈≈≈ #...##
#...#≈#≈≈###....# ###
#.....##≈#....#..# ..#
#.............##[# #.###
#...#.###g@....#.#
#...#####.......######..
...##...##....###...## .#
..##.....##...##.....##..
..#.......#...#.......# ..
#.#.......'†..'.......#
#[#.......#...#.......#
#.##.....##...##.....##
#.###...###...###...##


You could see a gnoll.

Vanquished Creatures
  4 adders (D:2)
  3 gnolls (D:2)
  An ooze (D:1)
  A worm (D:2)
  2 giant geckos
  5 bats
  2 giant cockroaches
  4 hobgoblins
  3 kobolds
  4 giant newts
  9 goblins
  6 rats (D:1)
44 creatures vanquished.

Notes
Turn   | Place    | Note
--------------------------------------------------------------
     0 | D:1      | Japsu the Draconian Ice Elementalist began the quest for the Orb.
     0 | D:1      | Reached XP level 1. HP: 14/14 MP: 3/3
   139 | D:1      | Reached XP level 2. HP: 18/20 MP: 0/5
   697 | D:1      | Reached XP level 3. HP: 26/26 MP: 4/6
   731 | D:2      | Reached skill level 4 in Ice Magic
   822 | D:2      | Learned a level 2 spell: Throw Frost
   826 | D:2      | Learned a level 3 spell: Ozocubu's Armour
  1394 | D:2      | Reached XP level 4. HP: 31/33 MP: 0/7
  1725 | D:2      | Mangled by a gnoll

Vault maps used:
D:1:      dpeg_arrival_chase, st_stairs_8
D:2:      kennysheep_six_static_rooms, first_bread, minivault_4

Action                   |  1- 3 |  4- 6 || total
-------------------------+-------+-------++-------
Melee: Dagger            |    65 |    24 ||    89
 Cast: Freeze            |    44 |    11 ||    55
       Throw Frost       |     4 |     5 ||     9
       Ozocubu's Armour  |     4 |     3 ||     7
  Use: Scroll            |     3 |     1 ||     4
 Stab: Sleeping          |     2 |       ||     2
  Eat: Bread ration      |     1 |       ||     1
